 Dungeon Crawl Stone Soup version 0.30.0-15-g856e2d3f33 (webtiles) character file.

Game seed: 17045929587499457648

722 qw the Chopper (level 7, -7/44 HPs)
             Began as a Gargoyle Fighter on May 21, 2023.
             Was an Initiate of Okawaru.
             Mangled by an ogre
             ... wielding a +0 giant club
              (20 damage)
             ... on level 5 of the Dungeon.
             The game lasted 00:01:41 (3757 turns).

qw the Chopper (Gargoyle Fighter)                   Turns: 3757, Time: 00:01:42

Health: -7/44      AC: 23    Str: 22    XL:     7   Next: 71%
Magic:  4/6        EV: 10    Int:  8    God:    Okawaru [......]
Gold:   181        SH:  5    Dex:  9    Spells: 6/6 levels left

rFire   . . .        Y - +1 war axe
rCold   . . .        c - +0 buckler
rNeg    + . .        e - +0 chain mail
rPois   inf          p - +0 helmet
rElec   +            (no cloak)
rCorr   +            g - +3 pair of gloves of the Yeti {rPois}
SInv    .            (no boots)
Will    .....        (no amulet) Stlth
                     i - ring of resist corrosion
HPRegen 0.27/turn    (no ring)
MPRegen 0.10/turn

%: no passive effects
@: heroic, marked
A: sickness immunity, AC +4, negative energy resistance 1, electricity
resistance, torment resistance 1, petrification resistance, iridescent scales 1,
low MP 1, screaming 1
a: Renounce Religion


You were on level 5 of the Dungeon.
You worshipped Okawaru.
Okawaru was noncommittal.
You visited 2 branches of the dungeon, and saw 6 of its levels.

You collected 181 gold pieces.


Innate Abilities, Weirdness & Mutations

You are immune to sickness and miasma.
Your stone body is resilient. (AC +4)
You are immune to poison.
You resist negative energy. (rN+)
You are resistant to electric shocks. (rElec)
You are resistant to unholy torment.
You are immune to petrification.
You are partially covered in iridescent scales. (AC +2)
Your magical capacity is low. (-10% MP)
You occasionally shout uncontrollably at your foes.


   Skills:
 - Level 4.8(9.8) Fighting
 + Level 6.8(11.8) Axes
 - Level 1.0(6.0) Throwing
 - Level 3.2(8.2) Armour
 - Level 1.0(6.0) Dodging
 - Level 3.2(8.2) Shields


You had 6 spell levels left.
You didn't know any spells.
Your spell library was empty.

Inventory:

Hand Weapons
 j - a +0 flail
 Y - a +1 war axe (weapon)
Armour
 c - a +0 buckler (worn)
 e - a +0 chain mail (worn)
 g - the +3 pair of gloves of the Yeti (worn) {rPois}
   (You acquired it on level 3 of the Dungeon)

   rPois:     It protects you from poison.
 p - a +0 helmet (worn)
Jewellery
 i - a ring of resist corrosion (left hand)
 k - the ring "Butif" {Ice +Blink rElec rCorr Str-4}
   (You acquired it on level 2 of the Dungeon)

   [ring of ice]

   It enhances your ice magic.
   Str:       It affects your strength (-4).
   rF:        It makes you vulnerable to fire.
   rC:        It protects you from cold.
   rElec:     It insulates you from electricity.
   +Blink:    It lets you blink.
   rCorr:     It protects you from acid and corrosion.
Scrolls
 a - a scroll of identify
 b - a scroll of noise {unknown}
 u - 4 scrolls of teleportation
Potions
 d - a potion of might
 f - a potion of mutation
 l - 2 potions of heal wounds
 m - a potion of brilliance {unknown}
 n - 3 potions of haste
 o - a potion of curing {unknown}
 q - a potion of degeneration {unknown}
 s - 2 potions of attraction
 t - a potion of lignification {unknown}

Dungeon Overview and Level Annotations

Branches:
Dungeon (5/15)             Temple (1/1) D:4

Altars:
Ashenzari
Cheibriados
Fedhas
Hepliaklqana
Makhleb
Okawaru
Sif Muna
Trog
Uskayaw
Xom
Yredelemnul
Zin

Shops:
D:1 (   D:2 (


Message History

You completely miss the hound. You miss something.
The hound bites you but does no damage.
The iguana bites you but does no damage.
The orc completely misses you.
The scorpion stings you but does no damage.
The hound bites you.
You slash the scorpion!
You kill the scorpion!
Okawaru accepts your kill.
You can now gain great but temporary skills.
You slash something! You barely miss the ogre. You hit the iguana.
You hit the orc but do no damage. You hit the hound but do no damage.
The hound barely misses you.
The iguana bites you but does no damage.
The ogre barely misses you.
An orc wizard comes into view. It is wielding a +0 dagger.
Something hits you but does no damage. The orc hits you but does no damage.
The hound closely misses you.
3755 ||| INVOKING Heroism.
You fail to use your ability.
The orc hits you with a +0 club. The iguana barely misses you.
Something hits you but does no damage. The orc hits you but does no damage.
The hound bites you. The ogre hits you but does no damage.
3756 ||| INVOKING Heroism.
You gain the combat prowess of a mighty hero.
You can no longer gain great but temporary skills.
The hound bites you but does no damage.
An orc comes into view. It is wielding a +0 short sword.
The orc hits you but does no damage.
The iguana bites you but does no damage.
The orc wizard casts a spell.
The orc wizard flickers and vanishes!
You block the hound's attack.
You slash the hound!
You kill the hound!
Okawaru accepts your kill.
You closely miss the orc. You hit the orc. You hit the ogre.
You slash the iguana! You hit something but do no damage.
You block the orc's attack. You block the iguana's attack.
The orc closely misses you.
The ogre hits you with a +0 giant club!!
You die...

.. .# .......## .# .
...........# ##.#####..
............# #.........
............###.......(.
.)..........##.$.....%..
............###)#)......
..............#O@o......
.....##........l)o......
.....#......#...S..../..
#..........#............
...........##...........
.......######....###....
.......# .....# ...o
.......# #.....# ...
.......# #....##


You could see an ogre, an iguana, an adder and 3 orcs.

Vanquished Creatures
  Menkaure (D:3)
  A water moccasin (D:5)
  An ogre (D:5)
  A scorpion (D:5)
  2 hounds
  2 orc priests
  A jelly (D:4)
  3 iguanas
  8 adders
  5 dart slugs
  13 orcs
  5 endoplasms
  3 giant cockroaches
  7 goblins
  8 hobgoblins
  2 quokkas
  5 ball pythons
  A bat (D:2)
  4 frilled lizards
  9 kobolds
  8 rats
  A spectral orc (D:3)
91 creatures vanquished.

Notes
Turn   | Place    | Note
-------+----------+-------------------------------------------
     0 | D:1      | qw the Gargoyle Fighter began the quest for the Orb.
     0 | D:1      | Reached XP level 1. HP: 14/14 MP: 1/1
     0 | D:1      | 0 ||| qw: Version: 0.2-a-98-g16b38d9
     0 | D:1      | 0 ||| qw: Game counter: 11
     0 | D:1      | 0 ||| qw: Always use a shield: true
     0 | D:1      | 0 ||| qw: God list: Okawaru
     0 | D:1      | 0 ||| qw: Allow faded altars: false
     0 | D:1      | 0 ||| qw: Do Orc after D:15 true
     0 | D:1      | 0 ||| qw: Do second Lair branch before Depths: true
     0 | D:1      | 0 ||| qw: Lair rune preference: random
     0 | D:1      | 0 ||| qw: Plans: Normal, Zot:1-4, God:TSO, Crypt, Tomb,
                  | Pan, Slime:5, Hells, Abyss, Win
     0 | D:1      | 0 ||| PLANNING D:1-11
    74 | D:1      | Reached skill level 2 in Axes
   224 | D:1      | Found a faded altar of an unknown god.
   262 | D:1      | Reached XP level 2. HP: 19/19 MP: 2/2
   343 | D:1      | 343 ||| Stepping ~*~*~tactically~*~*~ (stealth).
   378 | D:1      | 378 ||| Stepping ~*~*~tactically~*~*~ (stealth).
   425 | D:1      | Found Enluelur's Antique Weapon Emporium.
   432 | D:1      | 432 ||| SHOPLISTING runed broad axe (175 gold, have 30).
   667 | D:1      | 667 ||| Stepping ~*~*~tactically~*~*~ (hiding).
   668 | D:1      | 668 ||| Stepping ~*~*~tactically~*~*~ (hiding).
   809 | D:1      | 809 ||| UPGRADING to +0 pair of gloves.
   814 | D:1      | 814 ||| UPGRADING to amulet of guardian spirit.
   819 | D:1      | 819 ||| DROPPING ring of magical power.
   820 | D:1      | 820 ||| READING scroll labelled VEADWE JAHEYBB.
   821 | D:1      | 821 ||| READING scroll labelled SAENLEY OZIGG.
   822 | D:1      | 822 ||| READING scroll labelled AXTETR NYIGU.
   825 | D:1      | 825 ||| READING scroll labelled NOC GORPHOBI.
   826 | D:1      | 826 ||| READING scroll labelled BUVVEHIE POARHI.
   827 | D:1      | 827 ||| READING scroll labelled NAZOTW BYOFORCH.
   828 | D:1      | 828 ||| DRINKING 2 dark potions.
   867 | D:2      | Reached skill level 3 in Axes
   867 | D:2      | Reached XP level 3. HP: 23/23 MP: 3/3
   947 | D:2      | 947 ||| Stepping ~*~*~tactically~*~*~ (stealth).
  1168 | D:2      | 1168 ||| Stepping ~*~*~tactically~*~*~ (stealth).
  1170 | D:2      | Found Beiskihy's Antique Weapon Shoppe.
  1185 | D:2      | Reached XP level 4. HP: 28/28 MP: 4/4
  1411 | D:2      | Reached skill level 4 in Axes
  1612 | D:2      | Found a snail-covered altar of Cheibriados.
  1623 | D:2      | 1623 ||| UPGRADING to +0 helmet.
  1628 | D:2      | 1628 ||| UPGRADING to ring of resist corrosion.
  1629 | D:2      | 1629 ||| READING scroll labelled DIXTAE WOWK.
  1630 | D:2      | 1630 ||| READING scroll labelled IVO UFUXTA.
  1630 | D:2      | Identified a scroll of acquirement
  1630 | D:2      | 1630 ||| ACQUIRING ring "Butif" {Ice +Blink rElec rCorr
                  | Str-4}
  1630 | D:2      | Acquired the ring "Butif" {Ice +Blink rElec rCorr Str-4}
  1632 | D:2      | 1632 ||| DRINKING 3 green potions.
  1633 | D:2      | 1633 ||| DROPPING 2 potions of flight.
  1787 | D:3      | 1787 ||| DROPPING +0 whip.
  1830 | D:3      | 1830 ||| Stepping ~*~*~tactically~*~*~ (hiding).
  1839 | D:3      | Reached skill level 1 in Throwing
  1934 | D:3      | 1934 ||| Stepping ~*~*~tactically~*~*~ (stealth).
  1935 | D:3      | 1935 ||| Stepping ~*~*~tactically~*~*~ (stealth).
  1936 | D:3      | 1936 ||| Stepping ~*~*~tactically~*~*~ (stealth).
  1952 | D:3      | 1952 ||| READING scroll of acquirement.
  1952 | D:3      | 1952 ||| ACQUIRING +3 pair of gloves of the Yeti {rPois}
  1952 | D:3      | Acquired the +3 pair of gloves of the Yeti {rPois}
  1954 | D:3      | 1954 ||| UPGRADING to +3 pair of gloves of the Yeti
                  | {rPois}.
  1964 | D:3      | 1964 ||| DROPPING +0 pair of gloves.
  2116 | D:3      | 2116 ||| Stepping ~*~*~tactically~*~*~ (hiding).
  2357 | D:3      | 2357 ||| Stepping ~*~*~tactically~*~*~ (hiding).
  2544 | D:3      | Found a basalt altar of Yredelemnul.
  2672 | D:3      | 2672 ||| READING scroll labelled JUVOOMEYRA.
  2673 | D:3      | 2673 ||| DRINKING 2 glowing brown potions.
  2673 | D:3      | Gained mutation: Your magical capacity is low. (-10% MP)
                  | [potion of mutation]
  2673 | D:3      | Gained mutation: You occasionally shout uncontrollably at
                  | your foes. [potion of mutation]
  2673 | D:3      | Gained mutation: You are partially covered in iridescent
                  | scales. (AC +2) [potion of mutation]
  2674 | D:3      | 2674 ||| DRINKING 3 blue potions.
  2704 | D:4      | Found a bloodstained altar of Trog.
  2707 | D:4      | Reached XP level 5. HP: 32/32 MP: 4/4
  2718 | D:4      | 2718 ||| STAIRDANCE
  2723 | D:3      | Reached skill level 5 in Axes
  2768 | D:4      | Noticed Menkaure
  2770 | D:4      | 2770 ||| STAIRDANCE
  2796 | D:4      | 2796 ||| STAIRDANCE
  2802 | D:3      | HP: 7/32 [Menkaure/nerve-wracking pain (5)]
  2804 | D:3      | Killed Menkaure
  2805 | D:3      | Reached XP level 6. HP: 7/40 MP: 1/5
  2933 | D:3      | 2933 ||| READING scroll labelled SOCSIM EVECOTS.
  3016 | D:4      | Found a staircase to the Ecumenical Temple.
  3017 | D:4      | 3017 ||| PLANNING TEMPLE
  3017 | D:4      | 3017 ||| READING 2 scrolls of identify.
  3017 | D:4      | 3017 ||| IDENTIFYING orange potion
  3018 | D:4      | 3018 ||| DROPPING potion of invisibility.
  3029 | Temple   | Entered the Ecumenical Temple
  3030 | Temple   | 3030 ||| PLANNING OKAWARU WORSHIP
  3204 | Temple   | Became a worshipper of Warmaster Okawaru
  3204 | Temple   | 3204 ||| PLANNING D:1-11
  3205 | Temple   | 3205 ||| REMOVING amulet of guardian spirit.
  3210 | Temple   | 3210 ||| DROPPING amulet of guardian spirit.
  3379 | D:4      | Reached skill level 1 in Dodging
  3574 | D:4      | 3574 ||| UPGRADING to +0 chain mail.
  3584 | D:4      | 3584 ||| DROPPING +0 scale mail.
  3598 | D:5      | Entered Level 5 of the Dungeon
  3600 | D:5      | 3600 ||| Stepping ~*~*~tactically~*~*~ (stealth).
  3606 | D:5      | Reached XP level 7. HP: 44/44 MP: 6/6
  3634 | D:5      | 3634 ||| Stepping ~*~*~tactically~*~*~ (stealth).
  3743 | D:5      | Reached skill level 6 in Axes
  3754 | D:5      | Reached * piety under Okawaru
  3755 | D:5      | 3755 ||| INVOKING Heroism.
  3756 | D:5      | 3756 ||| INVOKING Heroism.
  3757 | D:5      | Mangled by an ogre

Levels and vault maps discovered:
D:1:      psy_arrival_heroes, layout_loops_ring, serial_shops, shop_fountains,
          hellmonk_ecumenical_altar_inner_sanctum
D:2:      layout_basic, basic_altar, serial_shops, nicolae_shop_scrapyard,
          st_stairs_2, grunt_ministairs_14
D:3:      layout_loops_ring, yredelemnul_forgotten_temple_becter
D:4:      layout_rooms, lemuel_crystal_altar,
          minmay_temple_entry_drinking_statues, uniq_menkaure
D:5:      layout_cave_pools, nicolae_tso_carved_into_rock, kennysheep_mini,
          nicolae_qazlal_scattered_showers, kennysheep_generic_room_4
Temple:   chequers_temple_sunken

Skill      XL: |  1  2  3  4  5  6  7 |
---------------+----------------------+-----
Axes           | 2 3 4 5 6 |  6.8
Throwing       | 1 |  1.0
Fighting       | 4 |  4.8
Dodging        | 1 |  1.0
Armour         | |  3.2
Shields        | |  3.2

Action                     |  1- 3 |  4- 6 |  7- 9 || total
---------------------------+-------+-------+-------++-------
  Melee: War axe           |   107 |   110 |    26 ||   243
  Throw: Javelin           |       |    21 |     3 ||    24
 Invoke: Heroism           |       |       |     1 ||     1
    Use: Scroll            |     6 |     6 |       ||    12
         Potion            |     1 |     3 |       ||     4
 Armour: Scale mail        |    51 |    65 |       ||   116
         Chain mail        |       |     1 |    36 ||    37
  Dodge: Dodged            |    44 |    49 |    14 ||   107
  Block: Buckler           |    17 |    23 |     8 ||    48

Table legend:
 A = Non-vault XP
 B = Vault XP
 C = Vault XP percentage of total XP
 D = Non-vault monster count
 E = Vault monster count
 F = Vault count percentage of total count
                 A         B        C        D         E       F
            +---------+---------+-------+---------+---------+-------
      Total |     893 |     179 |  16.7 |      84 |       7 |   7.7
            +---------+---------+-------+---------+---------+-------
        D:1 |      28 |       0 |   0.0 |      19 |       0 |   0.0
        D:2 |      64 |       9 |  12.3 |      17 |       5 |  22.7
        D:3 |     112 |     170 |  60.3 |      20 |       2 |   9.1
        D:4 |     152 |       0 |   0.0 |      15 |       0 |   0.0
        D:5 |     537 |       0 |   0.0 |      13 |       0 |   0.0
            +---------+---------+-------+---------+---------+-------
